 Dungeon Crawl Stone Soup version 0.18-b1-22-ge198996 (webtiles) character file.

8592 Wooh the Fighter (level 11, -7/99 HPs)
             Began as a Ghoul Fighter on May 3, 2016.
             Was a Priest of Makhleb.
             Mangled by a wyvern (9 damage)
             ... on level 9 of the Dungeon.
             The game lasted 00:37:38 (9620 turns).

Wooh the Fighter (Ghoul Fighter)                    Turns: 9620, Time: 00:37:39

Health: -7/99      AC: 13    Str: 28    XL:     11   Next: 33%
Magic:  12/12      EV:  7    Int:  3    God:    Makhleb [***...]
Gold:   235        SH:  0    Dex: 11    Spells: 0 memorised, 10 levels left

rFire  . . .     SeeInvis .     C - +11 falchion "Wooh's Bane" {flame, *Confuse Str+5}
rCold  + + +     Gourm    .     G - +1 chain mail {rC+}
rNeg   + + +     Faith    .     b - +1 shield
rPois  ∞         Spirit   .     v - +0 helmet "Emampuma" {rC+ Stlth+}
rElec  .         Dismiss  .     (no cloak)
rCorr  +         Reflect  .     (no gloves)
SustAt .         Harm     .     (no boots)
MR     .....                    I - amulet of regeneration
Stlth  ..........               t - +2 ring of strength
                                n - ring of resist corrosion

@: confused, rotting, not resistant to hostile enchantments, extremely
unstealthy
A: rotting body, claws 1, carnivore 3, cold resistance 1, negative energy
resistance 3, slow regeneration 1, torment resistance, unbreathing
a: Minor Destruction, Lesser Servant of Makhleb, Renounce Religion


You were on level 9 of the Dungeon.
You worshipped Makhleb.
Makhleb was most pleased with you.
You were not hungry.

You visited 3 branches of the dungeon, and saw 13 of its levels.

You collected 469 gold pieces.
You spent 234 gold pieces at shops.

Inventory:

Hand Weapons
 C - the +11 falchion "Wooh's Bane" (weapon) {flame, *Confuse Str+5}
   (You took it off a gnoll on level 5 of the Dungeon)

   It has been specially enchanted to burn those struck by it, causing extra
   injury to most foes and up to half again as much damage against particularly
   susceptible opponents.
   Big, fiery blades are also staple armaments of hydra-hunters.
   It affects your strength (+5).
   It may confuse you when you take damage.
Missiles
 E - 54 bolts
Armour
 b - a +1 shield (worn)
 v - the +0 helmet "Emampuma" (worn) {rC+ Stlth+}
   (You took it off Robin on level 3 of the Dungeon)

   It protects you from cold.
   It makes you more stealthy.
 G - a +1 chain mail of cold resistance (worn)
 L - a +3 plate armour
Jewellery
 h - an uncursed ring of magical power
 n - a ring of resist corrosion (left claw)
 t - a +2 ring of strength (right claw)
 I - an amulet of regeneration (around neck)
 N - an uncursed ring of flight
 O - an uncursed ring of wizardry
Wands
 g - a wand of disintegration (0/24)
 s - a wand of teleportation (1/9)
 A - a wand of lightning (3/15)
 H - a wand of lightning (12/15)
 K - a wand of confusion (19/48)
 M - a wand of slowing (28/48)
 P - a wand of lightning (0/15)
 R - a wand of polymorph (19/24)
 S - a wand of acid (9/15)
Scrolls
 a - a scroll of brand weapon {unknown}
 f - 2 scrolls of enchant armour
 k - 4 scrolls of magic mapping {unknown}
 m - 5 scrolls of remove curse
 r - 2 scrolls of blinking {unknown}
 w - 2 scrolls of teleportation {unknown}
 x - a scroll of immolation {unknown}
 y - a scroll of random uselessness {unknown}
 B - 5 scrolls of identify
 J - 2 scrolls of enchant weapon {unknown}
 T - a scroll of recharging
 U - a scroll of fog {unknown}
Potions
 c - 4 potions of might
 e - 2 potions of invisibility
 j - 6 potions of curing
 l - 4 potions of agility
 o - a potion of heal wounds
 q - 3 potions of cancellation
 u - 2 potions of magic
 z - 5 potions of lignification
 D - a potion of haste
 F - a potion of berserk rage
Miscellaneous
 Q - an ornate deck of wonders
Comestibles
 d - 7 meat rations
 i - 6 beef jerkies


   Skills:
 - Level 10.1 Fighting
 - Level 9.1 Long Blades
 - Level 9.0 Armour
 + Level 2.5 Dodging
 - Level 2.6 Shields
 - Level 5.0 Unarmed Combat
 - Level 3.7 Invocations


You had 10 spell levels left.
You didn't know any spells.

Dungeon Overview and Level Annotations

Branches:
Dungeon (9/15)             Temple (1/1) D:4            Lair (3/8) D:8
  Swamp: Lair:3-6    Shoals: Lair:3-6     Snake: Lair:3-6    Spider: Lair:3-6
    Orc: D:9-12

Altars:
Ashenzari
Cheibriados
Dithmenos
Elyvilon
Fedhas
Gozag
Kikubaaqudgha
Makhleb
Nemelex Xobeh
Okawaru
Pakellas
Qazlal
Ru
Sif Muna
Trog
Vehumet
Xom
Yredelemnul
Zin
The Shining One

Shops:
D:7 *[*

Annotations:
D:7 2900g art pearl dragon armor
Lair:3 Snorg


Innate Abilities, Weirdness & Mutations

Your body is rotting away.
You thrive on raw meat.
You are immune to poison.
You have sharp fingernails.
You are carnivorous and can eat meat at any time.
Your flesh is cold resistant.
You are immune to negative energy.
You regenerate slowly when monsters are visible.
You are immune to unholy pain and torment.
You can survive without breathing.


Message History

You block the wyvern's attack.
A demon appears!
You feel slightly more hungry. You block the wyvern's attack.
Eat a chunk of flesh? (ye/n/q/i?) This raw flesh tastes great!
The wyvern bites you!
* * * LOW HITPOINT WARNING * * *
You are confused.
The jelly hits you but does no damage.
Your ynoxinul hits the jelly!
Your ynoxinul is burned by acid!
The wyvern bites you.
* * * LOW HITPOINT WARNING * * *
You continue eating.
The wyvern bites you.
* * * LOW HITPOINT WARNING * * *
The jelly hits your ynoxinul.
Your ynoxinul is splashed with acid.
Your ynoxinul hits the jelly.
Your ynoxinul is burned by acid!
You continue eating.
The wyvern bites you but does no damage.
The jelly closely misses your ynoxinul. The wyvern bites you!
You die...

#.........#
#.$.......#
#.........#
#.........#
#.........#
#.........#
#.........#
#.....3J..#
#......@(.#
#.....l...#
#.........#
#.........#
#.........#
#.........#
#.........#
...........
...............


You could see a wyvern, a jelly and a friendly ynoxinul.

Vanquished Creatures
  Erica (D:9)
  Pikel (D:6)
  2 griffons (Lair:3)
  An elephant (D:8)
  2 black mambas (Lair:1)
  Joseph (D:7)
  3 spiny frogs
  Grinder (D:5)
  5 water moccasins
  3 porcupines
  An orc warrior (D:8)
  2 sky beasts
  An ice beast (D:5)
  4 slaves (D:5)
  A necrophage (D:8)
  A phantom (D:8)
  2 black bears
  6 wolves (Lair:2)
  2 ogres (D:8)
  A crocodile (Lair:1)
  6 giant frogs
  3 scorpions
  5 killer bees (D:8)
  An electric eel (D:6)
  A howler monkey (D:4)
  A jelly (D:5)
  A centaur zombie (D:5)
  2 crimson imps (D:5)
  A quasit (D:8)
  A wasp zombie (D:8)
  7 hounds
  A centaur skeleton (D:5)
  7 iguanas
  Terence (D:3)
  2 giant frog skeletons (D:4)
  2 orc wizards
  2 worker ants
  2 sheep (D:8)
  A hound zombie (D:6)
  Robin (D:3)
  7 adders
  9 gnolls
  20 river rats
  2 shadow imps
  An ooze (D:3)
  An adder skeleton (D:5)
  An adder zombie (D:6)
  A worm (D:2)
  5 dart slugs
  A giant gecko (D:1)
  19 orcs
  5 giant cockroaches
  9 hobgoblins
  15 jackals
  6 kobolds
  5 quokkas
  A ball python (D:2)
  7 bats
  3 giant newts
  15 goblins
  7 rats
  4 fungi (D:6)
233 creatures vanquished.

Vanquished Creatures (collateral kills)
  A giant frog skeleton (D:9)
1 creature vanquished.

Vanquished Creatures (others)
  A centaur (D:5)
  2 worker ants (D:5)
  2 gnolls (D:5)
  A giant newt (D:5)
6 creatures vanquished.

Grand Total: 240 creatures vanquished

Notes
Turn   | Place    | Note
--------------------------------------------------------------
     0 | D:1      | Wooh the Ghoul Fighter began the quest for the Orb.
     0 | D:1      | Reached XP level 1. HP: 19/19 MP: 0/0
   214 | D:1      | Reached XP level 2. HP: 26/26 MP: 1/1
   986 | D:1      | Reached XP level 3. HP: 29/30 MP: 2/2
  1134 | D:2      | Reached XP level 4. HP: 20/38 MP: 3/3
  1298 | D:2      | Reached skill level 5 in Unarmed Combat
  1721 | D:3      | Found a snail-covered altar of Cheibriados.
  1722 | D:3      | Noticed Robin
  1786 | D:3      | Reached XP level 5. HP: 41/46 MP: 4/4
  1792 | D:3      | Reached skill level 4 in Fighting
  1803 | D:3      | Killed Robin
  1806 | D:3      | Got a spiked helmet
  1821 | D:3      | Identified the +0 helmet "Emampuma" {rC+ Stlth+} (You took it off Robin on level 3 of the Dungeon)
  1929 | D:3      | Noticed Terence
  1941 | D:3      | Killed Terence
  2238 | D:4      | Reached skill level 5 in Fighting
  2313 | D:4      | Reached XP level 6. HP: 49/56 MP: 5/5
  2776 | D:4      | Reached skill level 6 in Fighting
  2780 | D:4      | Found a staircase to the Ecumenical Temple.
  2788 | Temple   | Entered the Ecumenical Temple
  3019 | D:5      | Entered Level 5 of the Dungeon
  3047 | D:5      | Found an iron altar of Okawaru.
  3049 | D:5      | Found a sparkling altar of Nemelex Xobeh.
  3049 | D:5      | Found a shimmering altar of Xom.
  3066 | D:5      | Found a stormy altar of Qazlal.
  3096 | D:5      | Found a shimmering altar of Xom.
  3096 | D:5      | Noticed an ice beast
  3129 | D:5      | Killed an ice beast
  3129 | D:5      | Reached skill level 7 in Fighting
  3129 | D:5      | Reached XP level 7. HP: 36/66 MP: 6/6
  3752 | D:5      | Reached skill level 8 in Fighting
  3808 | D:5      | Noticed Grinder
  3809 | D:5      | Paralysed by Grinder for 3 turns
  3816 | D:5      | Paralysed by Grinder for 7 turns
  3836 | D:5      | Killed Grinder
  3836 | D:5      | Reached skill level 9 in Fighting
  3836 | D:5      | Reached XP level 8. HP: 53/76 MP: 7/7
  4302 | D:5      | Got a steaming falchion {flame}
  4303 | D:5      | Identified the +11 falchion "Wooh's Bane" {flame, *Confuse Str+5} (You took it off a gnoll on level 5 of the Dungeon)
  4375 | D:5      | Found a bloodstained altar of Trog.
  4379 | D:5      | Found a sacrificial altar of Ru.
  4493 | Temple   | Became a worshipper of Makhleb the Destroyer
  4773 | D:6      | Reached skill level 10 in Fighting
  5078 | D:6      | Noticed Pikel
  5090 | D:6      | Killed Pikel
  5090 | D:6      | Reached XP level 9. HP: 71/84 MP: 8/8
  5511 | D:7      | Found Wibbeim's Assorted Antiques.
  5519 | D:7      | Bought a fuming dark potion for 18 gold pieces
  5519 | D:7      | Bought a shiny chain mail for 90 gold pieces
  5662 | D:7      | Found Nunotorch's Gadget Emporium.
  5669 | D:7      | Noticed Joseph
  5679 | D:7      | Killed Joseph
  5723 | D:7      | Reached * piety under Makhleb
  5747 | D:7      | Found Idiuv's Assorted Antiques.
  5759 | D:7      | Bought a runed helmet for 126 gold pieces
  6172 | D:7      | Found Keuqunuf's Antique Armour Boutique.
  6311 | D:8      | Found a staircase to the Lair.
  6311 | D:8      | Noticed an elephant
  6326 | D:8      | Killed an elephant
  6501 | D:8      | Found a shadowy altar of Dithmenos.
  6588 | D:8      | Reached ** piety under Makhleb
  6963 | D:8      | Reached XP level 10. HP: 53/92 MP: 9/9
  7559 | Lair:1   | Entered Level 1 of the Lair of Beasts
  7624 | Lair:1   | Got an ancient spear
  7625 | Lair:1   | Identified the +1 spear of the Messenger {pierce, rElec Dex+4} (You found it on level 1 of the Lair of Beasts)
  7644 | Lair:1   | Noticed a black mamba
  7656 | Lair:1   | Killed a black mamba
  7659 | Lair:1   | Reached skill level 5 in Armour
  7810 | Lair:1   | Noticed a spiny frog
  7819 | Lair:1   | Killed a spiny frog
  8374 | Lair:1   | Noticed a black mamba
  8381 | Lair:1   | Killed a black mamba
  8381 | Lair:1   | Reached *** piety under Makhleb
  8693 | Lair:2   | Noticed a spiny frog
  8699 | Lair:2   | Killed a spiny frog
  8926 | Lair:2   | Reached XP level 11. HP: 99/99 MP: 12/12
  9235 | Lair:3   | Noticed a griffon
  9245 | Lair:3   | Killed a griffon
  9266 | Lair:3   | Noticed a griffon
  9278 | Lair:3   | Killed a griffon
  9316 | Lair:3   | Noticed a four-headed hydra
  9446 | Lair:3   | Noticed Snorg
  9561 | D:8      | Reached **** piety under Makhleb
  9561 | D:8      | Reached skill level 1 in Dodging
  9598 | D:9      | Noticed Erica
  9612 | D:9      | Killed Erica
  9619 | D:9      | HP: 1/99 [wyvern (6)]
  9620 | D:9      | Mangled by a wyvern

Skill      XL: |  1  2  3  4  5  6  7  8  9 10 11 |
---------------+----------------------------------+-----
Unarmed Combat | 3 4 5 |  5.0
Fighting       | 5 7 9 10 | 10.1
Long Blades    | 4 9 |  9.1
Armour         | 7 9 |  9.0
Invocations    | 3 |  3.7
Dodging        | 2 |  2.5
Shields        | |  2.6

Action                   |  1- 3 |  4- 6 |  7- 9 | 10-12 || total
-------------------------+-------+-------+-------+-------++-------
Melee: Unarmed           |    76 |   271 |   140 |       ||   487
       Falchion          |       |       |   141 |   234 ||   375
Invok: Lesser Servant of |       |       |       |     2 ||     2
 Abil: Evoke Flight      |       |       |       |     3 ||     3
Evoke: Wand              |       |       |     1 |     9 ||    10
  Use: Scroll            |       |     6 |     9 |     1 ||    16
  Eat: Chunk             |     4 |     8 |    18 |    10 ||    40
Armor: Scale mail        |    15 |   125 |    58 |       ||   198
       Chain mail        |       |       |    32 |   112 ||   144
Dodge: Dodged            |    21 |    92 |    60 |    55 ||   228
Block: Shield            |    24 |   145 |   122 |   125 ||   416
